| TOP OF THE 1ST |
|
Everett AquaSox batting - Pitching for Spokane Indians : RHP Ethan Massey
|
|
Pitching: RHP Ethan Massey
|
|
|
Batting: RHB Houston Brock
|
0-0: Foul Ball, location: 2F 0-1: Ball 1-1: Swinging Strike 1-2: Ball 2-2: Foul Ball, location: 2F 2-2: Ground out 5-3 (Groundball, 5, EV 89.4 MPH)
|
|
Batting: RHB Mike Conaway
|
0-0: Called Strike 0-1: Called Strike 0-2: Strikes out swinging
|
|
Batting: RHB Tze-meng Li
|
0-0: Called Strike 0-1: Ball 1-1: TRIPLE (Line Drive, 89XD, EV 105.0 MPH)
|
|
Batting: RHB Victor Rosas
|
0-0: SINGLE (Line Drive, 6MD, EV 96.9 MPH) Tze-meng Li scores
|
|
Batting: LHB Taki Matsui
|
0-0: Called Strike 0-1: Swinging Strike 0-2: Ball 1-2: Strikes out swinging
|
| Top of the 1st over - 1 run, 2 hits, 0 errors, 1 left on base; Everett 1 - Spokane 0 |
| BOTTOM OF THE 1ST |
|
Spokane Indians batting - Pitching for Everett AquaSox : RHP Amine Laurent
|
|
Pitching: RHP Amine Laurent
|
|
|
Batting: LHB Jose Baez
|
0-0: Ball 1-0: Ball 2-0: Called Strike 2-1: Foul Ball, location: 2F 2-2: Strikes out looking
|
|
Batting: LHB Franklin Quezada
|
0-0: Called Strike 0-1: Ball 1-1: Called Strike 1-2: Foul Ball, location: 2F 1-2: Ball 2-2: Ball 3-2: Base on Balls
|
|
Batting: RHB Dennis Daniels
|
0-0: Ball Franklin Quezada is caught stealing 2nd base 2-4 1-0: Foul Ball, location: 2F 1-1: Swinging Strike 1-2: Ball 2-2: Foul Ball, location: 2F 2-2: Foul Ball, location: 2F 2-2: Fly out, F8 (Flyball, 8RD, EV 104.4 MPH)
|
| Bottom of the 1st over - 0 runs, 0 hits, 0 errors, 0 left on base; Everett 1 - Spokane 0 |
| TOP OF THE 2ND |
|
Everett AquaSox batting - Pitching for Spokane Indians : RHP Ethan Massey
|
|
Batting: RHB Ivan Davila
|
0-0: Ball 1-0: Swinging Strike 1-1: Ball 2-1: Foul Ball, location: 2F 2-2: Foul Ball, location: 2F 2-2: Foul Ball, location: 2F 2-2: Strikes out swinging
|
|
Batting: RHB Heihachiro Fujita
|
0-0: Ball 1-0: Ball 2-0: Swinging Strike 2-1: Foul Ball, location: 2F 2-2: Strikes out looking
|
|
Batting: RHB Chris Van Niel
|
0-0: Foul Ball, location: 2F 0-1: Swinging Strike 0-2: Ball 1-2: Ball 2-2: Strikes out swinging, 2-3 out at first.
|
| Top of the 2nd over - 0 runs, 0 hits, 0 errors, 0 left on base; Everett 1 - Spokane 0 |
| BOTTOM OF THE 2ND |
|
Spokane Indians batting - Pitching for Everett AquaSox : RHP Amine Laurent
|
|
Batting: LHB Ben Radach
|
0-0: Ball 1-0: SOLO HOME RUN (Flyball, 89XD, EV 97.5 MPH), Distance : 386 ft
|
|
Batting: RHB Jason Swisher
|
0-0: Foul Ball, location: 2F 0-1: Foul Ball, location: 2F 0-2: Strikes out looking
|
|
Batting: RHB Rodolfo Contreras
|
0-0: Called Strike 0-1: Ball 1-1: Ball 2-1: Called Strike 2-2: Ground out 4-3 (Groundball, 4S, EV 80.6 MPH)
|
|
Batting: RHB Chris Powell
|
0-0: Ball 1-0: SINGLE (Line Drive, 8LS, EV 100.0 MPH)
|
|
Pitching: RHP Mike Bator
|
|
|
Batting: RHB Garrison Feltham
|
0-0: Called Strike 0-1: Ball Chris Powell steals 2nd base 1-1: Swinging Strike 1-2: Ball 2-2: Ball 3-2: Foul Ball, location: 2F 3-2: Base on Balls
|
|
Batting: RHB Jose Guerrero
|
0-0: Ball 1-0: Foul Ball, location: 2F 1-1: Called Strike 1-2: Strikes out looking
|
| Bottom of the 2nd over - 1 run, 2 hits, 0 errors, 2 left on base; Everett 1 - Spokane 1 |
| TOP OF THE 3RD |
|
Everett AquaSox batting - Pitching for Spokane Indians : RHP Ethan Massey
|
|
Batting: RHB David Greene
|
0-0: Ball 1-0: Swinging Strike 1-1: Ball 2-1: Foul Ball, location: 2F 2-2: Strikes out swinging
|
|
Batting: RHB Houston Brock
|
0-0: Called Strike 0-1: Ball 1-1: Ground out 6-3 (Groundball, 6S, EV 91.9 MPH)
|
|
Batting: RHB Mike Conaway
|
0-0: Swinging Strike 0-1: Called Strike 0-2: Strikes out looking
|
| Top of the 3rd over - 0 runs, 0 hits, 0 errors, 0 left on base; Everett 1 - Spokane 1 |
| BOTTOM OF THE 3RD |
|
Spokane Indians batting - Pitching for Everett AquaSox : RHP Mike Bator
|
|
Batting: LHB Jose Baez
|
0-0: Called Strike 0-1: Ball 1-1: Called Strike 1-2: Strikes out swinging
|
|
Batting: LHB Franklin Quezada
|
0-0: Ball 1-0: Called Strike 1-1: Ball 2-1: Ball 3-1: Fly out, F7 (Line Drive, 78M, EV 103.1 MPH)
|
|
Batting: RHB Dennis Daniels
|
0-0: Ball 1-0: Called Strike 1-1: Foul Ball, location: 2F 1-2: Fly out, F7 (Flyball, 7S, EV 77.5 MPH)
|
| Bottom of the 3rd over - 0 runs, 0 hits, 0 errors, 0 left on base; Everett 1 - Spokane 1 |
| TOP OF THE 4TH |
|
Everett AquaSox batting - Pitching for Spokane Indians : RHP Ethan Massey
|
|
Batting: RHB Tze-meng Li
|
0-0: Swinging Strike 0-1: Ball 1-1: Foul Ball, location: 2F 1-2: Ball 2-2: Strikes out swinging
|
|
Batting: RHB Victor Rosas
|
0-0: Ball 1-0: Foul Ball, location: 2F 1-1: Foul Ball, location: 2F 1-2: Ball 2-2: Foul Ball, location: 2F 2-2: Strikes out looking
|
|
Batting: LHB Taki Matsui
|
0-0: Swinging Strike 0-1: Foul Ball, location: 2F 0-2: Ground out U3 (Groundball, 34, EV 86.2 MPH)
|
| Top of the 4th over - 0 runs, 0 hits, 0 errors, 0 left on base; Everett 1 - Spokane 1 |
| BOTTOM OF THE 4TH |
|
Spokane Indians batting - Pitching for Everett AquaSox : RHP Mike Bator
|
|
Batting: LHB Ben Radach
|
0-0: Called Strike 0-1: Foul Ball, location: 2F 0-2: Ball 1-2: SINGLE (Line Drive, 7LS, EV 92.5 MPH)
|
|
Batting: RHB Jason Swisher
|
0-0: Fly out, F9 (Line Drive, 9, EV 90.6 MPH)
|
|
Batting: RHB Rodolfo Contreras
|
0-0: Ball 1-0: Foul Ball, location: 2F 1-1: Foul Ball, location: 2F 1-2: SINGLE (Line Drive, 8RS, EV 102.5 MPH) Ben Radach to second
|
|
Batting: RHB Chris Powell
|
0-0: Ball 1-0: Ball 2-0: Ball 3-0: Base on Balls Ben Radach to third Rodolfo Contreras to second
|
|
Pinch Hitting: LHB Willie Calderon
|
0-0: Ball 1-0: Called Strike 1-1: SINGLE (Groundball, 4MD, EV 99.4 MPH) Ben Radach scores Rodolfo Contreras to third Chris Powell to second Runner from 3rd tries for Home, throw by CF and OUT! 8-2
|
|
Batting: RHB Jose Guerrero
|
0-0: Ground out U3 (Groundball, 34S, EV 84.4 MPH)
|
| Bottom of the 4th over - 1 run, 3 hits, 0 errors, 2 left on base; Everett 1 - Spokane 2 |
| TOP OF THE 5TH |
|
Everett AquaSox batting - Pitching for Spokane Indians : RHP Ethan Massey
|
|
Now at 3B: Justin Aslinger
|
|
|
Batting: RHB Ivan Davila
|
0-0: Swinging Strike 0-1: Ball 1-1: Ball 2-1: Ball 3-1: Foul Ball, location: 2F 3-2: Ground out 6-3 (Groundball, 6, EV 103.1 MPH)
|
|
Batting: RHB Heihachiro Fujita
|
0-0: Called Strike 0-1: Called Strike 0-2: Strikes out looking
|
|
Batting: RHB Chris Van Niel
|
0-0: Called Strike 0-1: Ball 1-1: Ball 2-1: Foul Ball, location: 2F 2-2: Foul Ball, location: 2F 2-2: Ball 3-2: Strikes out swinging
|
| Top of the 5th over - 0 runs, 0 hits, 0 errors, 0 left on base; Everett 1 - Spokane 2 |
| BOTTOM OF THE 5TH |
|
Spokane Indians batting - Pitching for Everett AquaSox : RHP Mike Bator
|
|
Batting: LHB Jose Baez
|
0-0: Called Strike 0-1: Ground out 6-3 (Groundball, 6, EV 82.5 MPH)
|
|
Batting: LHB Franklin Quezada
|
0-0: Called Strike 0-1: Ball 1-1: Fly out, F7 (Flyball, 7LS, EV 91.9 MPH)
|
|
Batting: RHB Dennis Daniels
|
0-0: Swinging Strike 0-1: Ball 1-1: Ball 2-1: SINGLE (Groundball, 6S, EV 70.6 MPH) (infield hit)
|
|
Pitching: RHP Sid Lampone
|
|
|
Batting: LHB Ben Radach
|
0-0: Called Strike 0-1: Ball 1-1: Ball Dennis Daniels steals 2nd base 2-1: Foul Ball, location: 2F 2-2: SINGLE (Groundball, 34D, EV 96.9 MPH) Dennis Daniels to third Runner from 3rd tries for Home, SAFE, throw by RF to home
|
|
Batting: RHB Jason Swisher
|
0-0: Foul Ball, location: 2F 0-1: Foul Ball, location: 2F 0-2: Foul Ball, location: 2F 0-2: Ground out 1-3 (Groundball, 13S, EV 66.2 MPH)
|
| Bottom of the 5th over - 1 run, 2 hits, 0 errors, 1 left on base; Everett 1 - Spokane 3 |
| TOP OF THE 6TH |
|
Everett AquaSox batting - Pitching for Spokane Indians : RHP Ethan Massey
|
|
Batting: RHB David Greene
|
0-0: Bunted foul 0-1: Ball 1-1: Swinging Strike 1-2: Ball 2-2: Ground out 6-3 (Groundball, 6, EV 98.1 MPH)
|
|
Batting: RHB Houston Brock
|
0-0: Foul Ball, location: 2F 0-1: Ball 1-1: Swinging Strike 1-2: Strikes out swinging
|
|
Batting: RHB Mike Conaway
|
0-0: Foul Ball, location: 2F 0-1: Swinging Strike 0-2: Ground out 4-3 (Groundball, 4S, EV 83.1 MPH)
|
| Top of the 6th over - 0 runs, 0 hits, 0 errors, 0 left on base; Everett 1 - Spokane 3 |
| BOTTOM OF THE 6TH |
|
Spokane Indians batting - Pitching for Everett AquaSox : RHP Sid Lampone
|
|
Batting: RHB Rodolfo Contreras
|
0-0: Ball 1-0: SINGLE (Line Drive, 89S, EV 96.9 MPH)
|
|
Batting: RHB Chris Powell
|
0-0: Ball 1-0: Called Strike 1-1: Fly out, F4 (Flyball, 34D, EV 77.5 MPH)
|
|
Batting: RHB Justin Aslinger
|
0-0: Ball Rodolfo Contreras is caught stealing 2nd base 2-4 1-0: Ball 2-0: Called Strike 2-1: Swinging Strike 2-2: Fly out, F3 (Popup, 3, EV 60.6 MPH)
|
| Bottom of the 6th over - 0 runs, 1 hit, 0 errors, 0 left on base; Everett 1 - Spokane 3 |
| TOP OF THE 7TH |
|
Everett AquaSox batting - Pitching for Spokane Indians : RHP Ethan Massey
|
|
Now at 1B: Roger Renteria
|
|
|
Batting: RHB Tze-meng Li
|
0-0: Ball 1-0: Swinging Strike 1-1: Swinging Strike 1-2: Foul Ball, location: 2F 1-2: Foul Ball, location: 2F 1-2: Strikes out swinging
|
|
Batting: RHB Victor Rosas
|
0-0: Foul Ball, location: 2F 0-1: Fly out, F8 (Flyball, 89D, EV 100.0 MPH)
|
|
Batting: LHB Taki Matsui
|
0-0: Ball 1-0: Swinging Strike 1-1: Ball 2-1: Called Strike 2-2: Strikes out swinging
|
| Top of the 7th over - 0 runs, 0 hits, 0 errors, 0 left on base; Everett 1 - Spokane 3 |
| BOTTOM OF THE 7TH |
|
Spokane Indians batting - Pitching for Everett AquaSox : RHP Sid Lampone
|
|
Batting: RHB Jose Guerrero
|
0-0: Called Strike 0-1: Ball 1-1: Foul Ball, location: 2F 1-2: Ball 2-2: Foul Ball, location: 2F 2-2: Foul Ball, location: 2F 2-2: Ground out 4-3 (Groundball, 4M, EV 90.6 MPH)
|
|
Batting: LHB Jose Baez
|
0-0: Called Strike 0-1: Foul Ball, location: 2F 0-2: Ball 1-2: Ball 2-2: Ball 3-2: SINGLE (Flyball, 4D, EV 95.6 MPH)
|
|
Batting: LHB Franklin Quezada
|
0-0: Ball Jose Baez steals 2nd base 1-0: Fly out, F6 (Popup, 56D, EV 49.4 MPH)
|
|
Batting: RHB Dennis Daniels
|
0-0: Ground out 1-3 (Groundball, P, EV 69.4 MPH)
|
| Bottom of the 7th over - 0 runs, 1 hit, 0 errors, 1 left on base; Everett 1 - Spokane 3 |
| TOP OF THE 8TH |
|
Everett AquaSox batting - Pitching for Spokane Indians : RHP Ethan Massey
|
|
Pitching: RHP Eddie Rojo
|
|
|
Now at 2B: Alex Vasquez
|
|
|
Batting: RHB Ivan Davila
|
0-0: Ball 1-0: Called Strike 1-1: Swinging Strike 1-2: Ball 2-2: Strikes out swinging
|
|
Batting: RHB Heihachiro Fujita
|
0-0: Foul Ball, location: 2F 0-1: Foul Ball, location: 2F 0-2: Strikes out swinging
|
|
Batting: RHB Chris Van Niel
|
0-0: Called Strike 0-1: Ball 1-1: Ball 2-1: Swinging Strike 2-2: Ball 3-2: Strikes out looking
|
| Top of the 8th over - 0 runs, 0 hits, 0 errors, 0 left on base; Everett 1 - Spokane 3 |
| BOTTOM OF THE 8TH |
|
Spokane Indians batting - Pitching for Everett AquaSox : RHP Sid Lampone
|
|
Pitching: RHP Nick Doty
|
|
|
Batting: RHB Roger Renteria
|
0-0: Called Strike 0-1: Ball 1-1: Ball 2-1: Ball 3-1: Fly out, F8 (Flyball, 8RS, EV 94.4 MPH)
|
|
Batting: RHB Jason Swisher
|
0-0: Called Strike 0-1: Ball 1-1: Ball 2-1: Foul Ball, location: 2F 2-2: DOUBLE (Line Drive, 3D, EV 94.4 MPH) - OUT at third base trying to stretch hit.
|
|
Batting: RHB Rodolfo Contreras
|
0-0: Called Strike 0-1: Called Strike 0-2: Strikes out looking
|
| Bottom of the 8th over - 0 runs, 1 hit, 0 errors, 0 left on base; Everett 1 - Spokane 3 |
| TOP OF THE 9TH |
|
Everett AquaSox batting - Pitching for Spokane Indians : RHP Eddie Rojo
|
|
Pitching: RHP John Moreschi
|
|
|
Pinch Hitting: SHB Carlos Luna
|
0-0: Fly out, F5 (Popup, 5F, EV 68.8 MPH)
|
|
Pinch Hitting: RHB Chris Olheiser
|
0-0: Fly out, F9 (Flyball, 9LM, EV 96.9 MPH)
|
|
Batting: RHB Mike Conaway
|
0-0: Fly out, F4 (Popup, 34S, EV 78.8 MPH)
|
| Top of the 9th over - 0 runs, 0 hits, 0 errors, 0 left on base; Everett 1 - Spokane 3 |
|